 Dungeon Crawl Stone Soup version 0.30-a0-1160-g6e42c06551 (webtiles) character file.

Game seed: 4881072173602884972

791 Arzdou the Magician (level 8, -2/55 HPs)
             Began as a Djinni Fire Elementalist on Apr 25, 2023.
             Slain by an ogre
             ... wielding a +0 giant club
              (36 damage)
             ... on level 5 of the Dungeon.
             The game lasted 00:11:03 (4104 turns).

Arzdou the Magician (Djinni Fire Elementalist)      Turns: 4104, Time: 00:11:03

Health: -2/55      AC:  3    Str:  7    XL:     8   Next: 12%
Gold:   372        EV: 13    Int: 20    God:
                   SH:  0    Dex: 13

rFire   + + .        i - +0 sling
rCold   . . .        (no shield)
rNeg    . . .        a - +0 robe
rPois   ∞            (no helmet)
rElec   .            (no cloak)
rCorr   .            t - +0 pair of gloves
SInv    .            (boots unavailable)
Will    .....        c - amulet of regeneration
Stlth   ++           g - ring of protection from cold
HPRegen 1.09/turn    k - ring of wizardry
MPRegen 0.00/turn

%: wizardry (x1), infuse magic (-3 HP)
@: flying
A: sickness immunity, fire resistance 2, cold vulnerability 1, float, innate
caster, HP casting, extra vitality 1
a: no special abilities


You were on level 5 of the Dungeon.
You visited 1 branch of the dungeon, and saw 5 of its levels.
You also visited: Sewer.

You collected 372 gold pieces.

Inventory:

Hand Weapons
 i - a +0 sling (weapon)
Armour
 a - a +0 robe (worn)
 t - a +0 pair of gloves (worn)
Jewellery
 c - an amulet of regeneration (around neck)
 g - a ring of protection from cold (left hand)
 k - a ring of wizardry (right hand)
 y - a ring of protection from fire
Scrolls
 h - 2 scrolls of amnesia {unknown}
 m - a scroll of poison
 o - 2 scrolls of immolation
 q - 4 scrolls of magic mapping
 s - a scroll of blinking
 u - 3 scrolls of enchant armour {unknown}
 v - a scroll of teleportation {unknown}
 x - 6 scrolls of noise
 z - a scroll of vulnerability {unknown}
Potions
 b - a potion of cancellation
 d - a potion of mutation {unknown}
 e - 5 potions of flight
 f - 3 potions of magic {unknown}
 j - 2 potions of attraction {unknown}
 l - a potion of berserk rage
 n - a potion of brilliance {unknown}
 p - a potion of invisibility {unknown}
 r - a potion of might {unknown}
 w - a potion of curing


   Skills:
 * Level 2.5 Fighting
 + Level 3.2 Dodging
 + Level 2.0 Stealth
 * Level 6.3 Spellcasting


You knew the following spells:

 Your Spells              Type           Power      Damage    Failure   Level
a - Foxfire               Conj/Fire      100%       2x1d9     1%          1
b - Scorch                Fire           62%        2d8       1%          2
c - Volatile Blastmotes   Fire/Tloc      62%        2d15      1%          3
d - Inner Flame           Hex/Fire       31%        N/A       1%          3
e - Flame Wave            Conj/Fire      31%        2d9       3%          4
f - Sting                 Tmut/Pois      100%       1d8       1%          1
g - Passwall              Tmut/Erth      25%        N/A       1%          2
h - Teleport Other        Tloc           31%        N/A       1%          3
Your spell library was empty.

Dungeon Overview and Level Annotations

Branches:
Dungeon (5/15)              Sewer (visited)
 Temple: D:4-7

Altars:
Dithmenos
Okawaru
Yredelemnul

Shops:
D:4 *


Innate Abilities, Weirdness & Mutations

You are immune to sickness and miasma.
You are immune to poison.
Your flesh is very heat resistant. (rF++)
You are vulnerable to cold. (rC-)
You float through the air rather than walking.
You learn spells naturally, not from books.
Your magical power is your life essence.
You have superior vitality. (+4 MHP)


Message History

You reach down and open the door.
There is an open door here.
You reach down and open the door.
There is an open door here.
You reach down and open the door.
There is an open door here.
There is an open door here.
There is an open door here.
Found a stone staircase leading down.
Found a stone staircase leading down.
You now have 358 gold pieces (gained 15).
f - 3 orange potions (gained 1)
You now have 372 gold pieces (gained 14).
An ogre comes into view. It is wielding a +0 giant club.
The ogre shouts!
The ogre moves out of view.
Found 7 gold pieces.
You shoot a sling bullet. The sling bullet hits the ogre.
The ogre is lightly wounded.
Casting: Flame Wave (dangerous; 3% risk of failure)
Confirm with . or Enter, or press ? or * to list all spells.
Flames lash the ogre.
The ogre is moderately wounded.
The ogre's fire resistance burns away.
Casting: Scorch (safe; 1% risk of failure)
Confirm with . or Enter, or press ? or * to list all spells.
Flames lash the ogre.
The ogre is burned terribly!
The ogre is severely wounded.
The ogre hits you with a +0 giant club!!
Casting: Scorch (safe; 1% risk of failure)
Confirm with . or Enter, or press ? or * to list all spells.
Casting: Flame Wave (dangerous; 3% risk of failure)
Press: ? - help, Dir - look around, f - activate A wave of flame ripples out!
The flame wave engulfs the ogre!
The ogre is burned terribly!
The ogre is almost dead. (Press . to intensify the flame waves.)
The ogre hits you with a +0 giant club!!!
Ouch! That really hurt!
You die...

.............#####....####.# #.
#####.#.####...##..##...##.###.
#....# ###....#####........
##.#.### ###..# ##.......
#.....# #### #....... ###.....#
##.....# .........### #.....#
####.......######### #.....#
.....####..@......##..>....#
####. ####O..............# ##
...............#
...............#
.$.............# .......
....... .......


You could see an ogre (combustible).

Vanquished Creatures
  A human (D:4)
  An ogre (D:3)
  2 phantoms (D:5)
  A jelly (D:5)
  A hound (D:4)
  2 orc priests (D:5)
  2 orc wizards (D:5)
  6 river rats
  8 adders
  2 worms
  3 dart slugs
  8 orcs
  9 bats
  11 endoplasms
  5 giant cockroaches
  7 goblins
  4 hobgoblins
  7 jackals
  9 kobolds
  9 quokkas
  8 ball pythons
  6 frilled lizards
  5 rats
117 creatures vanquished.

Vanquished Creatures (others)
  52 foxfires
52 creatures vanquished.

Grand Total: 169 creatures vanquished

Notes
Turn   | Place    | Note
-------+----------+-------------------------------------------
     0 | D:1      | Arzdou the Djinni Fire Elementalist began the quest for the
                  | Orb.
     0 | D:1      | Arzdou set off with the following spells memorised:
                  | Foxfire, Scorch, Volatile Blastmotes, Inner Flame, Flame
                  | Wave.
     0 | D:1      | Reached XP level 1. HP: 15/15 MP: 0/0
    57 | D:1      | Reached XP level 2. HP: 13/21 MP: 0/0
   260 | D:1      | Reached skill level 3 in Spellcasting
   313 | D:1      | Reached XP level 3. HP: 21/25 MP: 0/0
   313 | D:1      | Learned a level 1 spell: Sting
   888 | D:2      | Reached XP level 4. HP: 30/31 MP: 0/0
  1464 | D:3      | Noticed an ogre
  1626 | D:3      | Reached XP level 5. HP: 31/36 MP: 0/0
  1626 | D:3      | Learned a level 2 spell: Passwall
  1793 | D:3      | Killed an ogre
  1794 | D:3      | Reached skill level 1 in Fighting
  1794 | D:3      | Reached skill level 4 in Spellcasting
  1969 | D:3      | Identified the +5 dagger of Ekluw {heavy, +Blink Dex+3}
  2485 | D:4      | Reached XP level 6. HP: 39/42 MP: 0/0
  2525 | D:4      | Found Sousch's Elemental Accessories.
  2573 | D:4      | Found an iron altar of Okawaru.
  2698 | D:4      | Found a runed translucent door.
  2698 | D:4      | Noticed a human
  2706 | D:4      | Found a basalt altar of Yredelemnul.
  2737 | D:4      | Killed a human
  2738 | D:4      | Reached skill level 5 in Spellcasting
  2783 | D:4      | Reached XP level 7. HP: 47/48 MP: 0/0
  2783 | D:4      | Learned a level 3 spell: Teleport Other
  2793 | D:4      | Found a glowing drain.
  2797 | Sewer    | Entered a sewer
  3610 | D:5      | Entered Level 5 of the Dungeon
  3755 | D:5      | Reached skill level 6 in Spellcasting
  3776 | D:5      | Reached XP level 8. HP: 44/55 MP: 0/0
  3983 | D:5      | Found a shadowy altar of Dithmenos.
  4104 | D:5      | Slain by an ogre

Illustrated notes

Levels and vault maps discovered:
D:1:      eino_arrival_water_star, layout_rooms, dk_noncrumbling_3
D:2:      layout_loops_ring
D:3:      layout_loops_ring, amcnicky_mini_corridor_feature, minivault_24
D:4:      nicolae_cairo_tiling_large, layout_cave_pods,
          mainiacjoe_overflow_concentric_impassable, dk_yredelemnul_ordeal,
          gup_sewer_entry_bowl, corexii_item_surrounded_by_moat,
          nicolae_elemental_shop, kennysheep_generic_room_2
D:5:      layout_rooms, mainiacjoe_overflow_24_doors

Skill      XL: |  1  2  3  4  5  6  7  8 |
---------------+-------------------------+-----
Spellcasting   | 3 4 5 6 |  6.3
Fighting       | 1 2 |  2.5
Dodging        | 3 |  3.2
Stealth        | 2 |  2.0

Action                     |  1- 3 |  4- 6 |  7- 9 || total
---------------------------+-------+-------+-------++-------
   Fire: Sling             |     2 |    37 |    43 ||    82
   Cast: Foxfire           |    31 |       |       ||    31
         Scorch            |    16 |    35 |    34 ||    85
         Sting             |     2 |     9 |       ||    11
         Inner Flame       |       |     2 |       ||     2
         Volatile Blastmot |       |     5 |       ||     5
         Flame Wave        |       |       |    10 ||    10
    Use: Scroll            |       |       |     6 ||     6
         Potion            |       |       |     2 ||     2
 Armour: Robe              |     5 |     5 |     8 ||    18
  Dodge: Dodged            |     8 |    20 |    23 ||    51

Table legend: (Time is in decaauts)
 A = Elapsed time spent in this place.
 B = Non-inter-level travel time spent in this place.
 C = Inter-level travel time spent in this place.
 D = Time resting spent in this place.
 E = Time spent auto-exploring this place.
 F = Levels seen in this place.
 G = Mean time per level.
                   A        B        C        D        E       F      G
               +--------+--------+--------+--------+--------+-----+--------+
         Total |   4144 |   4045 |     99 |    285 |   2920 |   6 |  690.7 |
       Dungeon |   3619 |   3520 |     99 |    260 |   2577 |   5 |  723.8 |
         Sewer |    525 |    525 |      0 |     25 |    343 |   1 |  525.0 |
               +--------+--------+--------+--------+--------+-----+--------+

Top non-repeatable levels by time:
     D:4: 894 daAuts
     D:3: 841 daAuts
     D:1: 755 daAuts
     D:2: 630 daAuts
   Sewer: 525 daAuts
     D:5: 498 daAuts
